 Dungeon Crawl Stone Soup version 0.29.1-15-g9cfb28693d (webtiles) character file.

Game seed: 1091593200380942956

59 GraceBallad the Sneak (level 4, 0/33 HPs)
             Began as a Human Brigand on Apr 4, 2023.
             Was a Follower of Ru.
             Slain by Natasha (8 damage)
             ... on level 2 of the Dungeon.
             The game lasted 00:04:45 (815 turns).

GraceBallad the Sneak (Human Brigand)                Turns: 815, Time: 00:04:46

Health: 0/33       AC:  3    Str: 11    XL:     4   Next: 22%
Magic:  4/4        EV: 12    Int: 13    God:    Ru [*.....]
Gold:   31         SH:  0    Dex: 15    Spells: 3/3 levels left

rFire   + . .      SeeInvis .   k - +0 dagger (flame)
rCold   . . .      Faith    .   (no shield)
rNeg    . . .      Spirit   .   b - +0 robe
rPois   .          Reflect  .   (no helmet)
rElec   .          Harm     .   c - +0 cloak
rCorr   .          Rampage  .   (no gloves)
Will    .....                   (no boots)
Stlth   +++.......              (no amulet)
HPRegen 0.11/turn               n - ring of protection from fire
MPRegen 0.09/turn               (no ring)

@: attractive, hasted, unable to read, very quick
A: inability to read after injury 2
a: Renounce Religion


You were on level 2 of the Dungeon.
You worshipped Ru.
Ru was aware of your devotion.
You visited 1 branch of the dungeon, and saw 2 of its levels.

You collected 31 gold pieces.

Inventory:

Hand Weapons
 a - a +2 dagger
 k - a +0 dagger of flaming (weapon)
Missiles
 d - 4 poisoned darts
 e - 2 curare-tipped darts (quivered)
Armour
 b - a +0 robe (worn)
 c - a +0 cloak (worn)
Jewellery
 n - a ring of protection from fire (left hand)
Scrolls
 m - 2 scrolls of identify {unknown}
Potions
 h - a potion of brilliance {unknown}
 j - a potion of flight {unknown}
 l - a potion of ambrosia {unknown}


   Skills:
 * Level 2.1 Fighting
 * Level 2.4 Short Blades
 * Level 2.3 Throwing
 * Level 0.8 Armour
 * Level 1.4 Dodging
 * Level 4.8 Stealth


You had 3 spell levels left.
You didn't know any spells.
Your spell library was empty.

Dungeon Overview and Level Annotations

Branches:
Dungeon (2/15)

Altars:
Ru

Annotations:
D:2 Natasha


Innate Abilities, Weirdness & Mutations

You sometimes lose the ability to read scrolls when taking damage.


Message History

Natasha is attracted toward you.
You hit the scorpion but do no damage. The scorpion stings you!
You hit the scorpion. You burn the scorpion.
The scorpion is lightly wounded.
The scorpion stings you.
You feel threatened and lose the ability to read scrolls!
You are poisoned.
The scorpion poisons you!
The crimson imp hits you but does no damage.
Natasha stares at you and mumbles some strange words.
The magic dart hits you.
The scorpion is stunned by your conviction and fails to attack.
Unknown command.
Unknown command.
You hit Natasha. You burn Natasha.
Natasha is moderately wounded.
You feel very sick. The crimson imp barely misses you.
Natasha casts a spell at you. The magic dart hits you.
* * * LOW HITPOINT WARNING * * *
The scorpion is stunned by your conviction and fails to attack.
You feel better. The crimson imp hits you. The scorpion misses you.
Natasha barely misses you.
It was a potion of haste.
You feel yourself speed up. The crimson imp closely misses you.
The scorpion stings you.
* * * LOW HITPOINT WARNING * * *
You are lethally poisoned!
The scorpion poisons you! Natasha closely misses you.
Unknown command.
You feel better. The scorpion stings you.
The crimson imp is stunned by your conviction and fails to attack.
You barely miss Natasha.
Natasha is moderately wounded.
Natasha claws you. The scorpion stings you.
* * * LOW HITPOINT WARNING * * *
You hit Natasha but do no damage.
Natasha is moderately wounded.
The crimson imp closely misses you. Natasha claws you!
You die...

. #####.#### #.
#........# #.##........#
##.#..#........#
.......(>......# #
.....#†........# #
..........#.# ##
#.##......hs..##
.####.....###.#5@...##
...#...# #........####
#...... ......##.).....#
#.....##....?#.##.......#
#.###...#....#.##.......#
..##.....#..#..........>#
.........###...#..#....##
...##...###............#
.#.##..#..#....##.#....#


You could see a scorpion, Natasha and a crimson imp (summoned).

Vanquished Creatures
  Natasha (D:2)
  A dart slug (D:2)
  2 endoplasms
  A giant cockroach (D:1)
  7 goblins (D:2)
  3 hobgoblins (D:2)
  A quokka (D:1)
  3 ball pythons
  3 bats
  A frilled lizard (D:1)
  4 kobolds
  3 rats
30 creatures vanquished.

Vanquished Creatures (others)
  A hobgoblin (D:2)
1 creature vanquished.

Grand Total: 31 creatures vanquished

Notes
Turn   | Place    | Note
-------+----------+-------------------------------------------
     0 | D:1      | GraceBallad the Human Brigand began the quest for the Orb.
     0 | D:1      | Reached XP level 1. HP: 16/16 MP: 1/1
   154 | D:1      | Reached XP level 2. HP: 20/22 MP: 2/2
   355 | D:2      | Found a faded altar of an unknown god.
   363 | D:2      | Prayed at the altar of an unknown god.
   363 | D:2      | Became a worshipper of Ru the Awakened
   364 | D:2      | Gained mutation: You occasionally lose the ability to read
                  | scrolls when taking damage. [Ru sacrifice]
   364 | D:2      | Gained mutation: You sometimes lose the ability to read
                  | scrolls when taking damage. [Ru sacrifice]
   364 | D:2      | Reached * piety under Ru
   517 | D:2      | Reached XP level 3. HP: 26/27 MP: 3/3
   761 | D:2      | Noticed Natasha
   767 | D:2      | Killed Natasha
   768 | D:2      | Reached XP level 4. HP: 33/33 MP: 4/4
   799 | D:2      | Noticed a scorpion
   801 | D:2      | Noticed Natasha
   815 | D:2      | Slain by Natasha

Illustrated notes

Levels and vault maps discovered:
D:1:      minmay_arrival_solitary_statue, layout_loops_ring
D:2:      layout_rooms, shapermc_ecumenical_altar_flowoftime,
          minmay_misc_feat_chi, minmay_goblin_outpost, uniq_natasha

Action                   |  1- 3 |  4- 6 || total
-------------------------+-------+-------++-------
Melee: Dagger            |    58 |     7 ||    65
Throw: Dart              |    23 |     1 ||    24
Invok: Sacrifice Words   |     1 |       ||     1
  Use: Scroll            |     3 |       ||     3
       Potion            |     2 |     5 ||     7
 Stab: Sleeping          |     4 |     2 ||     6
Armor: Robe              |     8 |     1 ||     9
Dodge: Dodged            |    40 |     8 ||    48
